 Dungeon Crawl Stone Soup version 0.22.1-6-g1668fe2c40 (webtiles) character file.

411 Peloso the Shield-Bearer (level 6, -2/53 HPs)
             Began as a Minotaur Fighter on Jan 20, 2019.
             Slain by Grinder (4 damage)
             ... while paralysed by Grinder
             ... on level 4 of the Dungeon.
             The game lasted 00:06:07 (2093 turns).

Peloso the Shield-Bearer (Minotaur Fighter)         Turns: 2093, Time: 00:06:07

Health: -2/53      AC:  9    Str: 21    XL:     6   Next: 58%
Magic:  5/5        EV:  2    Int:  5    God:
Gold:   120        SH:  0    Dex: 11    Spells: 5/5 levels left

rFire    + . .     SeeInvis .   a - +0 long sword
rCold    + . .     Gourm    .   c - +0 shield
rNeg     . . .     Faith    .   b - +0 scale mail
rPois    +         Spirit   .   (helmet restricted)
rElec    +         Reflect  .   e - +0 cloak
rCorr    +         Harm     .   l - +0 pair of gloves
MR       .....                  (no boots)
Stlth    ..........             (no amulet)
HPRegen  0.17/turn              d - ring of wizardry
MPRegen  0.09/turn              (no ring)

@: paralysed, lethally poisoned (-2 -> -10), resistant, hasted, heavily drained
A: retaliatory headbutt, horns 2
a: no special abilities


You were on level 4 of the Dungeon.
You were not hungry.

You visited 1 branch of the dungeon, and saw 4 of its levels.

You collected 120 gold pieces.

Inventory:

Hand Weapons
 a - a +0 long sword (weapon)
Armour
 b - a +0 scale mail (worn)
 c - a +0 shield (worn)
 e - a +0 cloak (worn)
 l - a +0 pair of gloves (worn)
Jewellery
 d - a ring of wizardry (left hand)
Scrolls
 g - 5 scrolls of identify {unknown}
 h - 4 scrolls of teleportation {unknown}
 j - 2 scrolls of fear {unknown}
 k - a scroll of enchant armour {unknown}
 m - a scroll of magic mapping {unknown}
 n - a scroll of blinking {unknown}
Potions
 i - a potion of haste
Comestibles
 f - 4 rations


   Skills:
 + Level 4.5(3.0) Fighting
 + Level 4.5(2.9) Long Blades
 + Level 5.1(3.5) Armour
 + Level 2.9(1.4) Dodging
 + Level 5.6(4.0) Shields


You had 5 spell levels left.
You didn't know any spells.
Your spell library was empty.

Dungeon Overview and Level Annotations

Branches:
Dungeon (4/15)
 Temple: D:4-7

Altars:

Annotations:
D:4 Grinder


Innate Abilities, Weirdness & Mutations

You reflexively headbutt those who attack you in melee.
You have a pair of horns on your head.


Message History

You block the scorpion's attack.
You feel yourself speed up. The scorpion stings you.
* * * LOW HITPOINT WARNING * * *
You barely miss Grinder. You headbutt Grinder!
Grinder is severely wounded.
The scorpion stings you.
* * * LOW HITPOINT WARNING * * *
You are lethally poisoned!
The scorpion poisons you! Grinder gestures at you.
You suddenly lose the ability to move!
* * * LOW HITPOINT WARNING * * *
You feel sick.
The scorpion stings you but does no damage.
Grinder hits you but does no damage.
* * * LOW HITPOINT WARNING * * *
You feel sick. The scorpion stings you.
* * * LOW HITPOINT WARNING * * *
Grinder hits you.
You die...

..... .......
....... .......
####.....$.
#........(.
#@s......# ####
#5.......#
#......#......?=#
#...............#
+.....>.....#####
#......###..#
#...... #..########
#...... #..........
#......####.########


You could see Grinder and a scorpion.

Vanquished Creatures
  4 wights
  An orc wizard (D:3)
  A hound zombie (D:3)
  A worker ant zombie (D:3)
  6 gnolls
  3 adders
  An ooze (D:1)
  An adder skeleton (D:3)
  3 dart slugs
  A worm (D:2)
  5 leopard geckos
  4 orcs (D:3)
  A ball python (D:3)
  9 bats
  5 giant cockroaches
  10 goblins
  11 hobgoblins
  2 jackals (D:3)
  3 quokkas
  6 frilled lizards
  8 kobolds
  2 leopard gecko skeletons (D:3)
  A leopard gecko zombie (D:3)
  7 rats
96 creatures vanquished.

Notes
Turn   | Place    | Note
-------+----------+-------------------------------------------
     0 | D:1      | Peloso the Minotaur Fighter began the quest for the Orb.
     0 | D:1      | Reached XP level 1. HP: 19/19 MP: 0/0
   113 | D:1      | Reached XP level 2. HP: 27/27 MP: 1/1
   395 | D:2      | Reached XP level 3. HP: 22/33 MP: 2/2
   458 | D:2      | Noticed an orc warrior
   827 | D:3      | Reached XP level 4. HP: 36/40 MP: 3/3
   892 | D:3      | Reached skill level 1 in Dodging
   935 | D:3      | Reached XP level 5. HP: 32/46 MP: 4/4
  1010 | D:3      | Reached skill level 5 in Shields
  1028 | D:3      | Reached skill level 5 in Armour
  1769 | D:2      | Reached XP level 6. HP: 30/52 MP: 5/5
  2076 | D:4      | Noticed Grinder
  2091 | D:4      | Paralysed by Grinder for 2 turns
  2093 | D:4      | HP: 2/53 [scorpion (1)]
  2093 | D:4      | Slain by Grinder

Skill      XL: |  1  2  3  4  5  6 |
---------------+-------------------+-----
Armour         | 4 5 |  5.1
Shields        | 4 5 |  5.6
Long Blades    | 3 4 |  4.5
Dodging        | 1 2 |  2.9
Fighting       | 4 |  4.5

Action                   |  1- 3 |  4- 6 || total
-------------------------+-------+-------++-------
Melee: Long sword        |    98 |   152 ||   250
       Headbutt          |    11 |    32 ||    43
  Use: Potion            |       |     3 ||     3
  Eat: Chunk             |       |     2 ||     2
       Ration            |       |     1 ||     1
Armor: Scale mail        |    52 |    94 ||   146
Dodge: Dodged            |    36 |    66 ||   102
Block: Shield            |    58 |   109 ||   167
       Rpst.: Long sword |    13 |    19 ||    32
